 Dungeon Crawl Stone Soup version 0.26-a0-812-g31a745ddcd (webtiles) character file.

Game seed: 11906409971457220174

112 mkm the Grave Robber (level 4, 0/34 HPs)
             Began as a Hill Orc Necromancer on Nov 21, 2020.
             Succumbed to an adder's poison
             ... on level 2 of the Dungeon.
             The game lasted 00:11:47 (2565 turns).

mkm the Grave Robber (Hill Orc Necromancer)         Turns: 2565, Time: 00:11:48

Health: 0/34       AC:  3    Str: 10    XL:     4   Next: 95%
Magic:  1/7        EV: 12    Int: 16    God:
Gold:   128        SH:  0    Dex: 11    Spells: 5/7 levels left

rFire    + . .     SeeInvis .   i - +3 dagger (venom)
rCold    . . .     Faith    .   (no shield)
rNeg     . . .     Spirit   .   a - +1 robe
rPois    .         Reflect  .   (no helmet)
rElec    .         Harm     .   (no cloak)
rCorr    .         Rampage  .   (no gloves)
MR       .....                  (no boots)
Stlth    +.........             (no amulet)
HPRegen  0.11/turn              j - ring of protection from fire
MPRegen  0.10/turn              k - ring of attention (curse)

@: lethally poisoned (0 -> -1)
A: no striking features
a: no special abilities


You were on level 2 of the Dungeon.
You visited 1 branch of the dungeon, and saw 3 of its levels.

You collected 128 gold pieces.

Inventory:

Hand Weapons
 h - a +0 hand axe
 i - a +3 dagger of venom (weapon)
Armour
 a - a +1 robe (worn)
Jewellery
 j - a ring of protection from fire (left hand)
 k - a cursed ring of attention (right hand)
Scrolls
 b - a scroll of remove curse
 d - a scroll of fog
 e - 2 scrolls of amnesia


   Skills:
 + Level 0.3 Fighting
 + Level 0.7 Short Blades
 + Level 1.7 Dodging
 + Level 1.7 Stealth
 + Level 2.4 Spellcasting
 + Level 5.2 Necromancy


You had 5 spell levels left.
You knew the following spells:

 Your Spells              Type           Power        Failure   Level
a - Pain                  Necr           ###.         2%          1
b - Animate Skeleton      Necr           ###...       2%          1

Your spell library contained the following spells:

 Spells                   Type           Power        Failure   Level
 Vampiric Draining        Necr           ###.......   7%          3
 Animate Dead             Necr           ###.......   22%         4
 Agony                    Necr           ###.....     54%         5


Dungeon Overview and Level Annotations

Branches:
Dungeon (3/15)

Altars:
Trog
Uskayaw


Message History

The jackal completely misses you.
The jackal bites you but does no damage.
* * * LOW HITPOINT WARNING * * *
You feel sick.
There is a stone staircase leading up here.
The jackal bites you but does no damage. x2
You climb upwards.
* * * LOW HITPOINT WARNING * * *
You feel sick.
There is a stone staircase leading down here.
Casting: Pain (safe; 2% risk of failure)
Confirm with . or Enter, or press ? or * to list all spells.
Aiming: Pain (safe; 2% risk of failure)
Press: ? - help, Shift-Dir - straight line, f - jackal
Aim: a jackal (chance to defeat MR: 89%)
The jackal writhes in agony.
You kill the jackal!
There is a lethal amount of poison in your body!
You aren't carrying any potions.
You die...

#.....# ##########
#.....# #.....#
#.....# #.....#
#.....## #######
#......# #......
#......# #...>..
#@.....### #......
#####....# #......
##.#.# #......
#)#.###......
#.....#......
##.##........
#.###....###
#######.##...#.###
##...#...##.#.#..##


There were no monsters in sight!

Vanquished Creatures
  A centaur zombie (D:2)
  2 adders (D:3)
  2 worms (D:2)
  A dart slug (D:2)
  2 leopard geckos
  An orc (D:3)
  6 bats
  6 goblins
  4 hobgoblins
  8 jackals
  5 kobolds
  A quokka (D:2)
  8 frilled lizards
  5 rats (D:2)
52 creatures vanquished.

Vanquished Creatures (collateral kills)
  A goblin (D:3)
1 creature vanquished.

Grand Total: 53 creatures vanquished

Notes
Turn   | Place    | Note
-------+----------+-------------------------------------------
     0 | D:1      | mkm the Hill Orc Necromancer began the quest for the Orb.
     0 | D:1      | Reached XP level 1. HP: 14/14 MP: 3/3
     2 | D:1      | Learned a level 1 spell: Animate Skeleton
   657 | D:1      | Reached XP level 2. HP: 20/20 MP: 2/4
  1151 | D:2      | Reached XP level 3. HP: 22/26 MP: 0/5
  1312 | D:2      | Found a hide-covered altar of Uskayaw.
  1489 | D:2      | Reached skill level 5 in Necromancy
  1489 | D:2      | Reached XP level 4. HP: 2/33 MP: 5/7
  1849 | D:2      | Noticed a moth of wrath
  1888 | D:2      | Found a bloodstained altar of Trog.
  2565 | D:2      | Succumbed to an adder's poison

Illustrated notes

Levels and vault maps discovered:
D:1:      mrwooster_arrival_statue_3, layout_basic
D:2:      layout_rooms, old_standard_altar, tgw_trog
D:3:      layout_basic, uniq_terence

Skill      XL: |  1  2  3 |
---------------+----------+-----
Spellcasting   | 2 |  2.4
Necromancy     | 5 |  5.2
Fighting       | |  0.3
Short Blades   | |  0.7
Dodging        | |  1.7
Stealth        | |  1.7

Action                   |  1- 3 |  4- 6 || total
-------------------------+-------+-------++-------
Melee: Unarmed           |     4 |       ||     4
       Dagger            |    30 |    22 ||    52
 Cast: Pain              |    39 |    34 ||    73
       Animate Skeleton  |     7 |     6 ||    13
  Use: Scroll            |     5 |     1 ||     6
       Potion            |       |     3 ||     3
Armor: Robe              |     7 |    10 ||    17
Dodge: Dodged            |    26 |    22 ||    48

Table legend: (Time is in decaauts)
 A = Elapsed time spent in this place.
 B = Non-inter-level travel time spent in this place.
 C = Inter-level travel time spent in this place.
 D = Time resting spent in this place.
 E = Time spent auto-exploring this place.
 F = Levels seen in this place.
 G = Mean time per level.
                   A        B        C        D        E       F      G
               +--------+--------+--------+--------+--------+-----+--------+
         Total |   2557 |   2525 |     32 |    389 |   1608 |   3 |  852.3 |
       Dungeon |   2557 |   2525 |     32 |    389 |   1608 |   3 |  852.3 |
               +--------+--------+--------+--------+--------+-----+--------+

Top non-repeatable levels by time:
     D:2: 1628 daAuts
     D:1: 731 daAuts
     D:3: 197 daAuts
